 Dungeon Crawl Stone Soup version 0.30-a0-605-gb2882149bf (webtiles) character file.

Game seed: 14465316480284274186

151 wormed the Caller (level 5, 22/22 HPs)
             Began as a Felid Summoner on Jan 8, 2023.
             Quit the game on level 4 of the Dungeon.
             The game lasted 00:08:40 (3250 turns).

wormed the Caller (Felid Summoner)                  Turns: 3250, Time: 00:08:41

Health: 22/22      AC:  2    Str:  4    XL:     5   Next: 10%
Magic:  11/11      EV: 18    Int: 19    God:
Gold:   165        SH:  0    Dex: 16    Spells: 4/11 levels left
                                        Lives:  0   Deaths: 1

rFire   . . .      SeeInvis +    (weapon unavailable)
rCold   . . .      Faith    .    (shield unavailable)
rNeg    . . .      Spirit   .    (body armour unavailable)
rPois   .          Reflect  .    (helmet unavailable)
rElec   .          Harm     .    (cloak unavailable)
rCorr   .          Rampage  .    (gloves unavailable)
Will    .....                    (boots unavailable)
Stlth   ++                       l - amulet of magic regeneration
HPRegen 0.23/turn                (no ring)
MPRegen 0.52/turn                (no ring)

@: quick
A: very small, claws 1, fangs 3, see invisible, speed 1, shaggy fur 2, stealthy
paws, no weapons or thrown items, no armour, multi-lived
a: no special abilities


You were on level 4 of the Dungeon.
You visited 1 branch of the dungeon, and saw 4 of its levels.

You collected 165 gold pieces.

Inventory:

Jewellery
 l - an amulet of magic regeneration (around neck)
 n - a ring of fire
Scrolls
 c - a scroll of summoning
 d - 2 scrolls of magic mapping
 i - a scroll of blinking
 m - a scroll of identify
 q - 2 scrolls of enchant weapon {unknown}
Potions
 a - a potion of magic
 b - 2 potions of cancellation {unknown}
 e - 2 potions of curing {unknown}
 f - 2 potions of resistance
 g - a potion of invisibility {unknown}
 h - a potion of brilliance {unknown}
 j - a potion of mutation {unknown}
 o - a potion of berserk rage {unknown}
 p - a potion of heal wounds {unknown}


   Skills:
 + Level 1.5 Fighting
 + Level 3.7 Dodging
 - Level 2.6 Stealth
 + Level 3.6 Spellcasting
 * Level 3.6 Hexes
 + Level 5.2 Summonings


You had 4 spell levels left.
You knew the following spells:

 Your Spells              Type           Power      Damage    Failure   Level
a - Summon Small Mammal   Summ           92%        N/A       1%          1
b - Call Canine Familiar  Summ           23%        N/A       4%          3
c - Summon Guardian Gole  Hex/Summ       20%        N/A       7%          3

Your spell library contained the following spells:

 Spells                   Type           Power      Damage    Failure   Level
 Call Imp                 Summ           23%        N/A       2%          2
 Sandblast                Erth           6%         2d5       14%         1
 Passwall                 Tmut/Erth      2%         N/A       22%         2
 Stone Arrow              Conj/Erth      6%         3d7       41%         3
 Summon Lightning Spire   Summ/Air       13%        N/A       43%         4


Dungeon Overview and Level Annotations

Branches:
Dungeon (4/15)
 Temple: D:4-7

Altars:
Zin

Annotations:
D:4 Sigmund


Innate Abilities, Weirdness & Mutations

You have sharp claws.
You have razor-sharp teeth.
You have supernaturally acute eyesight. (SInv)
You cover ground quickly. (Speed+)
You are covered in thick fur. (AC +2)
Your paws help you pounce on unaware monsters.
You are incapable of wielding weapons or throwing items.
You cannot wear armour.
You gain extra lives every three experience levels.


Message History

A guardian golem appears, shielding your allies.
Sigmund screams, "Don't try to resist!"
Your quokka disappears in a puff of smoke!
Sigmund points at you and mumbles some strange words.
You easily resist.
Casting: Summon Guardian Golem (quite dangerous; 7% risk of failure)
Confirm with . or Enter, or press ? or * to list all spells.
Casting: Summon Small Mammal (safe; 1% risk of failure)
Confirm with . or Enter, or press ? or * to list all spells.
Your bat hits Sigmund but does no damage.
Sigmund completely misses you.
Your hound seems less confused.
Your bat closely misses Sigmund.
Your bat hits Sigmund.
Casting: Summon Small Mammal (safe; 1% risk of failure)
Confirm with . or Enter, or press ? or * to list all spells.
Your bat disappears in a puff of smoke!
Sigmund hits you from afar with a +4 vampiric scythe.
* * * LOW HITPOINT WARNING * * *
Sigmund draws strength from your wounds!
Sigmund is no longer unusually resistant.
Your hound bites Sigmund.
Sigmund gestures at you while chanting. The puff of flame hits your quokka!
Your quokka dies!
Your quokka's corpse disappears in a puff of smoke!
Your magical contamination has completely faded away.
Casting: Summon Small Mammal (safe; 1% risk of failure)
Confirm with . or Enter, or press ? or * to list all spells.
Your hound misses Sigmund.
Your hound bites Sigmund.
Sigmund gestures at you while chanting.
Your quokka appears confused.
As you read the scroll of teleportation, it crumbles to dust.
You feel strangely unstable.
Your hound misses Sigmund.
Your quokka bites you.
You die...
Sigmund points at you and mumbles some strange words.
The magic dart hits your quokka.
You are now level 5!
You rejoin the land of the living...
Found a spear.
Are you sure you want to abandon this character and quit the game? (Confirm with "yes".)

..# ..#
#..#
#####
##...#
....#
.$...###.
....
...).....
#..#
####....#
#.. !##
#.###
#)@.#
#####


There were no monsters in sight!

Vanquished Creatures
  An orc priest (D:3)
  2 adders
  An orc (D:3)
  A goblin (D:1)
  2 hobgoblins
7 creatures vanquished.

Vanquished Creatures (collateral kills)
  2 orc priests (D:4)
  2 orc wizards
  A gnoll (D:1)
  4 adders
  An ufetubus (D:3)
  2 worms (D:2)
  4 dart slugs
  9 orcs
  7 ball pythons
  2 bats (D:1)
  5 endoplasms
  2 giant cockroaches
  4 goblins
  4 hobgoblins
  4 quokkas
  A frilled lizard (D:2)
  5 kobolds
  4 rats
63 creatures vanquished.

Grand Total: 70 creatures vanquished

Notes
Turn   | Place    | Note
-------+----------+-------------------------------------------
     0 | D:1      | wormed the Felid Summoner began the quest for the Orb.
     0 | D:1      | Reached XP level 1. HP: 7/7 MP: 4/4
    81 | D:1      | Reached XP level 2. HP: 11/11 MP: 4/6
   804 | D:2      | Reached XP level 3. HP: 7/14 MP: 2/8
   817 | D:2      | Learned a level 3 spell: Call Canine Familiar
  1142 | D:2      | Reached XP level 4. HP: 11/18 MP: 9/9
  1258 | D:2      | Learned a level 3 spell: Summon Guardian Golem
  1866 | D:3      | Reached skill level 1 in Hexes
  2061 | D:3      | Reached skill level 5 in Summonings
  2228 | D:3      | Reached XP level 5. HP: 8/21 MP: 10/10
  2304 | D:3      | Found a glowing silver altar of Zin.
  2327 | D:3      | Reached skill level 1 in Fighting
  3087 | D:4      | Gained mutation: You are covered in thick fur. (AC +2)
                  | [Felid growth]
  3087 | D:4      | Reached XP level 6. HP: 25/25 MP: 10/12
  3204 | D:4      | Noticed Sigmund
  3249 | D:4      | Slain by a quokka
  3250 | D:4      | Reached XP level 5. HP: 0/22 MP: 7/11
  3250 | D:4      | Quit the game

Illustrated notes

Levels and vault maps discovered:
D:1:      grunt_arrival_lava_bath, layout_basic, serial_forest,
          infiniplex_forest_end_1, infiniplex_forest_fountain,
          infiniplex_forest_clump_curved, infiniplex_forest_straight_2,
          infiniplex_forest_corner_1, chequers_mini_garden
D:2:      layout_basic, eino_tiny_chamber, wad_floor_pattern_1,
          serial_park_tiny_pond
D:3:      layout_loops_cross, mainiacjoe_overflow_small_starburst
D:4:      layout_layer_cave, uniq_sigmund

Skill      XL: |  1  2  3  4  5 |
---------------+----------------+-----
Spellcasting   | 3 |  3.6
Hexes          | 2 3 |  3.6
Dodging        | 3 |  3.7
Summonings     | 5 |  5.2
Fighting       | 1 |  1.5
Stealth        | |  2.6

Action                   |  1- 3 |  4- 6 || total
-------------------------+-------+-------++-------
Melee: Unarmed           |    12 |    25 ||    37
       Bite              |     1 |     4 ||     5
       Punch             |     1 |       ||     1
 Cast: Summon Small Mamm |    24 |    21 ||    45
       Call Canine Famil |     2 |    23 ||    25
       Summon Guardian G |       |     6 ||     6
  Use: Scroll            |       |     5 ||     5
 Stab: Distracted        |     1 |     1 ||     2
Armor: Skin              |     2 |     1 ||     3
Dodge: Dodged            |    10 |    20 ||    30

Table legend: (Time is in decaauts)
 A = Elapsed time spent in this place.
 B = Non-inter-level travel time spent in this place.
 C = Inter-level travel time spent in this place.
 D = Time resting spent in this place.
 E = Time spent auto-exploring this place.
 F = Levels seen in this place.
 G = Mean time per level.
                   A        B        C        D        E       F      G
               +--------+--------+--------+--------+--------+-----+--------+
         Total |   2854 |   2790 |     64 |      0 |   2008 |   4 |  713.5 |
       Dungeon |   2854 |   2790 |     64 |      0 |   2008 |   4 |  713.5 |
               +--------+--------+--------+--------+--------+-----+--------+

Top non-repeatable levels by time:
     D:2: 978 daAuts
     D:3: 870 daAuts
     D:1: 666 daAuts
     D:4: 339 daAuts
